 Dungeon Crawl Stone Soup version 0.29-a0-1052-g6990b1bffc (webtiles) character file.

Game seed: 14764552837613217240

29 ragingrage the Chopper (level 3, -6/31 HPs)
             Began as a Minotaur Delver on Aug 17, 2022.
             Killed by divine providence
             ... invoked by an orc priest
              (9 damage)
             ... on level 5 of the Dungeon.
             The game lasted 00:00:34 (249 turns).

ragingrage the Chopper (Minotaur Delver)             Turns: 249, Time: 00:00:35

Health: -6/31      AC:  3    Str: 18    XL:     3   Next: 1%
Magic:  2/2        EV: 11    Int:  7    God:
Gold:   0          SH:  0    Dex: 11    Spells: 2/2 levels left

rFire   . . .      SeeInvis .   a - +0 hand axe
rCold   . . .      Faith    .   (no shield)
rNeg    . . .      Spirit   .   h - +0 leather armour
rPois   .          Reflect  .   (helmet restricted)
rElec   .          Harm     .   (no cloak)
rCorr   .          Rampage  .   (no gloves)
Will    .....                   (no boots)
Stlth   ++........              (no amulet)
HPRegen 0.10/turn               (no ring)
MPRegen 0.08/turn               (no ring)

@: hasted, very quick
A: horns 2, retaliatory headbutt
a: no special abilities


You were on level 5 of the Dungeon.
You visited 1 branch of the dungeon, and saw 2 of its levels.

Inventory:

Hand Weapons
 a - a +0 hand axe (weapon)
 b - a +4 sling
Armour
 h - a +0 leather armour (worn)
Wands
 g - a wand of digging (3)
Scrolls
 c - a scroll of fog
 d - a scroll of magic mapping
 e - a scroll of fear


   Skills:
 - Level 3.6 Fighting
 + Level 4.3 Axes
 - Level 2.1 Dodging
 - Level 4.1 Stealth


You had 2 spell levels left.
You didn't know any spells.
Your spell library was empty.

Dungeon Overview and Level Annotations

Branches:
Dungeon (6/15)
 Temple: D:4-7

Altars:

Annotations:
D:5 exclusion: ice beast


Innate Abilities, Weirdness & Mutations

You have a pair of horns on your head.
You reflexively headbutt those who attack you in melee.


Message History

You blink.
The orc blinks!
a - a +0 hand axe (weapon)
The orc wizard casts a spell.
The orc wizard flickers and vanishes!
Deactivating autopickup; reactivate with Ctrl-A.
The orc priest enters a dispersal trap!
The orc priest blinks!
The orc blinks!
The orc wizard blinks!
You blink.
The orc priest blinks!
Something hits you but does no damage. Something hits you.
The orc priest looks satisfied for a moment.
You feel yourself speed up. Something hits you.
The orc priest barely misses you.
The orc priest invokes the aid of Beogh against you.
Pain shoots through your body!
You hit the orc priest. You headbutt the orc priest.
The orc priest is heavily wounded.
You hit the orc priest but do no damage.
You hit the orc but do no damage.
The orc priest calls down the wrath of Beogh upon you.
You barely resist.
The orc priest hits you with a +0 dagger.
* * * LOW HITPOINT WARNING * * *
The orc hits you with a +0 dagger.
* * * LOW HITPOINT WARNING * * *
You closely miss the orc priest.
The orc priest is heavily wounded.
You closely miss the orc. You barely miss something. You hit the orc priest.
The orc priest hits you with a +0 flail.
* * * LOW HITPOINT WARNING * * *
Something hits you.
* * * LOW HITPOINT WARNING * * *
The orc priest hits you but does no damage.
You closely miss the orc priest.
The orc priest is heavily wounded.
You miss something.
You hit the orc priest but do no damage.
You barely miss the orc wizard.
The orc priest invokes the aid of Beogh against you.
Beogh smites you!
You die...

##.......#
#...>....#
#........#
###.......##
#.........#
#..#......##
..###....##### #####
)#
#........####...## #
#..........o@....##
#..........ooo....#
#...######........##
#...## #...^......#
......# #..........#
..#...#
#...[......##
...##.##
#..........# #. #.
#...........#
##..........#


You could see 2 orc priests, an orc wizard and an orc.

Vanquished Creatures
  A hound (D:6)
1 creature vanquished.

Notes
Turn   | Place    | Note
-------+----------+-------------------------------------------
     0 | D:5      | ragingrage the Minotaur Delver began the quest for the Orb.
     0 | D:5      | Reached XP level 1. HP: 19/19 MP: 0/0
    43 | D:5      | Noticed a black bear
    81 | D:6      | Noticed a hound
    87 | D:6      | Killed a hound
    88 | D:6      | Reached XP level 2. HP: 19/26 MP: 1/1
    88 | D:6      | Reached XP level 3. HP: 23/31 MP: 2/2
   206 | D:5      | Noticed an ice beast
   249 | D:5      | Killed from afar by an orc priest

Illustrated notes

Levels and vault maps discovered:
D:5:      kennysheep_spiral_hall, layout_cave_pods, lemuel_round_altar,
          kiku_gazebo_pond_becter
D:6:      layout_loops_cross, mainiacjoe_overflow_surrounded_room,
          minmay_temple_entry_gardened_gates

Skill      XL: |  1 |
---------------+----+-----
Axes           | 4 |  4.3
Fighting       | |  3.6
Dodging        | |  2.1
Stealth        | |  4.1

Action                   || total
-------------------------++-------
Melee: Hand axe          ||     7
       Headbutt          ||     2
 Fire: Sling             ||     4
  Use: Potion            ||     1
Armor: Leather armour    ||     2
Dodge: Dodged            ||     5

Table legend: (Time is in decaauts)
 A = Elapsed time spent in this place.
 B = Non-inter-level travel time spent in this place.
 C = Inter-level travel time spent in this place.
 D = Time resting spent in this place.
 E = Time spent auto-exploring this place.
 F = Levels seen in this place.
 G = Mean time per level.
                   A        B        C        D        E       F      G
               +--------+--------+--------+--------+--------+-----+--------+
         Total |    249 |    242 |      7 |     77 |     92 |   2 |  124.5 |
       Dungeon |    249 |    242 |      7 |     77 |     92 |   2 |  124.5 |
               +--------+--------+--------+--------+--------+-----+--------+

Top non-repeatable levels by time:
     D:5: 131 daAuts
     D:6: 117 daAuts
